 Dungeon Crawl Stone Soup version 0.30-a0-989-g0d87f670db (webtiles) character file.

Game seed: 2300392487697497746

76 jtron the Trooper (level 4, -6/36 HPs)
             Began as a Demonspawn Monk on Apr 3, 2023.
             Was a Believer of Makhleb.
             Mangled by an orc
             ... wielding a +0 flail
              (9 damage)
             ... on level 3 of the Dungeon.
             The game lasted 00:03:07 (1622 turns).

jtron the Trooper (Demonspawn Monk)                 Turns: 1622, Time: 00:03:08

Health: -6/36      AC:  3    Str: 12    XL:     4   Next: 12%
Magic:  4/4        EV: 13    Int: 11    God:    Makhleb [**....]
Gold:   145        SH:  0    Dex: 17    Spells: 3/3 levels left

rFire   . . .      SeeInvis .    a - +0 short sword
rCold   . . .      Faith    .    (no shield)
rNeg    . . .      Spirit   .    b - +0 robe
rPois   .          Reflect  .    (no helmet)
rElec   .          Rampage  .    l - +0 cloak
rCorr   .                        (no gloves)
Will    +....                    (no boots)
Stlth   ++                       (no amulet)
HPRegen 0.26/turn                g - ring of willpower
MPRegen 0.09/turn                (no ring)

@: flying
A: hooves 1
a: Renounce Religion, Minor Destruction


You were on level 3 of the Dungeon.
You worshipped Makhleb.
Makhleb was pleased with you.
You visited 1 branch of the dungeon, and saw 3 of its levels.

You collected 145 gold pieces.

Inventory:

Hand Weapons
 a - a +0 short sword (weapon)
Missiles
 d - 25 stones (quivered)
Armour
 b - a +0 robe (worn)
 j - a scarf of resistance
 l - a +0 cloak (worn)
Jewellery
 g - a ring of willpower (left hand)
 i - a ring of fire
Potions
 e - a potion of curing {unknown}
 f - a potion of brilliance


   Skills:
 + Level 3.6 Fighting
 + Level 3.3 Short Blades
 + Level 3.2 Dodging
 + Level 2.4 Stealth


You had 3 spell levels left.
You didn't know any spells.
Your spell library was empty.

Dungeon Overview and Level Annotations

Branches:
Dungeon (3/15)

Altars:
Makhleb


Innate Abilities, Weirdness & Mutations

You have large cloven feet.


Message History

The orc closely misses you.
You hit the orc. You punch the orc.
The orc is severely wounded.
You barely miss the orc.
The orc is severely wounded.
The orc hits you but does no damage. The orc misses you.
You closely miss the orc.
The orc is severely wounded.
The orc hits you with a +0 club. The orc misses you.
You closely miss the orc.
The orc is severely wounded.
The orc hits you with a +0 flail!
* * * LOW HITPOINT WARNING * * *
The orc hits you but does no damage.
You barely miss the orc. You kick the orc, but do no damage.
The orc is severely wounded.
The orc barely misses you. The orc misses you.
You hit the orc.
You kill the orc!
Makhleb accepts your kill. The orc hits you with a +0 flail.
* * * LOW HITPOINT WARNING * * *
You hit the orc but do no damage. You kick the orc, but do no damage.
The orc is lightly wounded.
The orc misses you.
You hit the orc but do no damage.
The orc is lightly wounded.
You hit the orc.
The orc is heavily wounded.
The orc barely misses you.
You hit the orc but do no damage. Your kick misses the orc.
The orc is heavily wounded.
The orc hits you with a +0 flail.
* * * LOW HITPOINT WARNING * * *
It was a potion of magic.
Magic courses through your body. The orc barely misses you.
It was a potion of flight.
You feel very buoyant.
You fly up into the air.
The orc hits you with a +0 flail!
You die...

...##...#........
...............#.#......
###............#.#.....$
.##............#.#......
.##.....................
.##...........##.........
.##............#........
...........#...#)..#. .#
####....).#.#..#@#.. ..#
#. .
.......#._.#.#o#.##.##...
.
........#.#..#o#.......#
.
.........#...#...)#...##.
........................
#........###....###..#.
#...####.# #....# #...
#.# #....# ##. ..# #....#


You could see 2 orcs.

Vanquished Creatures
  3 gnolls (D:2)
  An adder (D:2)
  A worm (D:2)
  A dart slug (D:3)
  2 orcs (D:3)
  6 bats
  3 endoplasms
  A giant cockroach (D:2)
  3 goblins (D:1)
  A hobgoblin (D:2)
  A kobold (D:2)
  2 quokkas
  2 ball pythons
  A frilled lizard (D:2)
  A rat (D:1)
29 creatures vanquished.

Notes
Turn   | Place    | Note
-------+----------+-------------------------------------------
     0 | D:1      | jtron the Demonspawn Monk began the quest for the Orb.
     0 | D:1      | Reached XP level 1. HP: 18/18 MP: 1/1
   397 | D:1      | Gained mutation: You have large cloven feet. [demonic
                  | ancestry]
   397 | D:1      | Reached XP level 2. HP: 24/24 MP: 2/2
   912 | D:2      | Reached XP level 3. HP: 28/29 MP: 3/3
  1408 | D:2      | Reached XP level 4. HP: 29/35 MP: 4/4
  1420 | D:3      | Found the +8 trident of the Octopus King {venom, rElec
                  | rPois}
  1544 | D:3      | Found a faded altar of an unknown god.
  1565 | D:3      | Prayed at the altar of an unknown god.
  1565 | D:3      | Became a worshipper of Makhleb the Destroyer
  1565 | D:3      | Reached * piety under Makhleb
  1565 | D:3      | Reached ** piety under Makhleb
  1622 | D:3      | Mangled by an orc

Illustrated notes

Levels and vault maps discovered:
D:1:      minmay_arrival_four_circles, layout_loops_ring
D:2:      layout_basic
D:3:      layout_basic, chequers_ecumenical_altar_simple_redux, uniq_sigmund

Skill      XL: |  1  2 |
---------------+-------+-----
Short Blades   | 3 |  3.3
Dodging        | 3 |  3.2
Stealth        | 2 |  2.4
Fighting       | |  3.6

Action                     |  1- 3 |  4- 6 || total
---------------------------+-------+-------++-------
  Melee: Short sword       |    77 |    38 ||   115
         Kick              |    10 |    10 ||    20
         Punch             |     1 |     3 ||     4
  Throw: Stone             |     3 |     1 ||     4
 Invoke: Minor Destruction |       |     1 ||     1
    Use: Scroll            |     5 |       ||     5
         Potion            |     1 |     3 ||     4
   Stab: Sleeping          |     6 |     2 ||     8
 Armour: Robe              |    20 |     4 ||    24
  Dodge: Dodged            |    68 |    39 ||   107

Table legend: (Time is in decaauts)
 A = Elapsed time spent in this place.
 B = Non-inter-level travel time spent in this place.
 C = Inter-level travel time spent in this place.
 D = Time resting spent in this place.
 E = Time spent auto-exploring this place.
 F = Levels seen in this place.
 G = Mean time per level.
                   A        B        C        D        E       F      G
               +--------+--------+--------+--------+--------+-----+--------+
         Total |   1604 |   1512 |     92 |     43 |   1075 |   3 |  534.7 |
       Dungeon |   1604 |   1512 |     92 |     43 |   1075 |   3 |  534.7 |
               +--------+--------+--------+--------+--------+-----+--------+

Top non-repeatable levels by time:
     D:2: 801 daAuts
     D:1: 694 daAuts
     D:3: 109 daAuts
